 Dungeon Crawl Stone Soup version 0.27.1-33-g824d729ab1 (webtiles) character file.

Game seed: 7713009269243703540

20 safid the Shield-Bearer (level 2, -1/26 HPs)
             Began as a Hill Orc Fighter on Dec 14, 2021.
             Slain by a gnoll (6 damage)
             ... on level 2 of the Dungeon.
             The game lasted 00:02:08 (929 turns).

safid the Shield-Bearer (Hill Orc Fighter)           Turns: 929, Time: 00:02:09

Health: -1/26      AC: 11    Str: 18    XL:     2   Next: 79%
Magic:  2/2        EV:  3    Int:  8    God:
Gold:   80         SH:  9    Dex: 10    Spells: 1/1 levels left

rFire    . . .     SeeInvis .   a - +0 war axe
rCold    . . .     Faith    .   c - +0 kite shield
rNeg     . . .     Spirit   .   j - +0 plate armour
rPois    .         Reflect  .   (no helmet)
rElec    .         Harm     .   (no cloak)
rCorr    .         Rampage  .   (no gloves)
Will     .....                  (no boots)
Stlth    ..........             (no amulet)
HPRegen  0.08/turn              (no ring)
MPRegen  0.08/turn              (no ring)

@: mighty
A: no striking features
a: no special abilities


You were on level 2 of the Dungeon.
You visited 1 branch of the dungeon, and saw 2 of its levels.

You collected 80 gold pieces.

Inventory:

Hand Weapons
 a - a +0 war axe (weapon)
Armour
 c - a +0 kite shield (worn)
 j - a +0 plate armour (worn)
Scrolls
 b - a scroll of fear {unknown}
 g - a scroll of teleportation {unknown}
 h - a scroll of enchant weapon {unknown}
 i - a scroll of silence {unknown}
 k - a scroll of fog {unknown}
Potions
 e - a potion of lignification {unknown}
 f - a potion of haste {unknown}


   Skills:
 - Level 3.6 Fighting
 + Level 3.6 Axes
 - Level 3.2 Armour
 + Level 3.8 Shields


You had one spell level left.
You didn't know any spells.
Your spell library contained the following spells:

 Spells                   Type           Power      Damage    Failure   Level
 Passwall                 Tmut/Erth      0%         N/A       100%        2
 Swiftness                Air            0%         N/A       100%        3
 Invisibility             Hex            0%         N/A       100%        6


Dungeon Overview and Level Annotations

Branches:
Dungeon (2/15)

Altars:


Message History

The bat hits you but does no damage. The bat barely misses you.
A gnoll comes into view. It is wielding a +0 club.
You block the bat's attack.
You miss the bat. The bat hits you but does no damage.
The bat hits you but does no damage.
You see here an orange potion.
You hit the gnoll.
The gnoll is lightly wounded.
You block the bat's attack. The gnoll hits you with a +0 club.
The gnoll hits you but does no damage.
You hit the gnoll.
The gnoll is heavily wounded.
You closely miss the gnoll. The gnoll hits you with a +0 club.
You block the gnoll's attack. The gnoll barely misses you.
You barely miss the gnoll.
The gnoll is heavily wounded.
You closely miss the gnoll. The gnoll barely misses you.
The gnoll hits you but does no damage. The gnoll hits you with a +0 club.
You barely miss the gnoll.
The gnoll is heavily wounded.
You hit the gnoll but do no damage. The gnoll hits you with a +0 club.
A gnoll comes into view. It is wielding a +0 whip.
You block the gnoll's attack.
A gnoll comes into view. It is wielding a +0 whip.
The gnoll hits you but does no damage.
You feel very mighty all of a sudden.
The gnoll shouts! x2
The gnoll hits you with a +0 club. You block the gnoll's attack.
You hit the gnoll.
The gnoll is almost dead.
You slash the gnoll! The gnoll hits you with a +0 club.
* * * LOW HITPOINT WARNING * * *
The gnoll hits you with a +0 club.
* * * LOW HITPOINT WARNING * * *
Unknown command.
You barely miss the gnoll.
The gnoll is almost dead.
You closely miss the gnoll. The gnoll hits you with a +0 club.
You die...

#........###.#.###........ #
#.#.......................
#.#.......####.#.###........
#.#######.####.#.###........
#........>..................
#.....########.#.########.##
#.......# #...# #†.#
###.....########### ##.#
#........@gb..... ####.#
#..†...###g..#... #.....
#......# ...# #.....
#......# ...# #.....
#......# ##.g. #####.
#......# .g.. #. #......#
.### #####. #......# .#
#..... ######.# ##.....


You could see 4 gnolls and a bat.

Vanquished Creatures
  A goblin (D:1)
  4 hobgoblins
  3 quokkas
  3 ball pythons
  A bat (D:2)
  A frilled lizard (D:2)
  7 rats
20 creatures vanquished.

Notes
Turn   | Place    | Note
-------+----------+-------------------------------------------
     0 | D:1      | safid the Hill Orc Fighter began the quest for the Orb.
     0 | D:1      | Reached XP level 1. HP: 19/19 MP: 1/1
   392 | D:1      | Reached XP level 2. HP: 26/26 MP: 2/2
   929 | D:2      | Slain by a gnoll

Illustrated notes

Levels and vault maps discovered:
D:1:      dpeg_arrival_ratfight, layout_rooms
D:2:      layout_basic, hellmonk_ecumenical_altar_defaced_shrine, uniq_sigmund,
          uniq_natasha

Skill      XL: |  1 |
---------------+----+-----
Axes           | 3 |  3.6
Fighting       | |  3.6
Armour         | |  3.2
Shields        | |  3.8

Action                   || total
-------------------------++-------
Melee: War axe           ||    67
  Use: Potion            ||     1
Armor: Scale mail        ||     8
       Plate armour      ||    34
Dodge: Dodged            ||    12
Block: Kite shield       ||    37
